 Dungeon Crawl Stone Soup version 0.24-a0-630-g0d56a85 (webtiles) character file.

Game seed: 13961068419588790620, levelgen mode: deterministic

105 BoppinsLewinski the Slasher (level 4, -4/37 HPs)
             Began as a Centaur Gladiator on Sept 19, 2019.
             Slain by Crazy Yiuf
             ... wielding a +2 quarterstaff of chaos
              (8 damage)
             ... on level 2 of the Dungeon.
             The game lasted 00:04:17 (1411 turns).

BoppinsLewinski the Slasher (Centaur Gladiator)     Turns: 1411, Time: 00:04:18

Health: -4/37      AC:  5    Str: 17    XL:     4   Next: 54%
Magic:  4/4        EV: 10    Int:  7    God:
Gold:   67         SH:  0    Dex: 11    Spells: 3/3 levels left

rFire    . . .     SeeInvis .   a - +0 long sword
rCold    . . .     Gourm    .   (no shield)
rNeg     . . .     Faith    .   b - +0 leather armour
rPois    .         Spirit   .   c - +0 helmet
rElec    .         Reflect  .   (no cloak)
rCorr    .         Harm     .   (no gloves)
MR       .....                  (no barding)
Stlth    +.........             (no amulet)
HPRegen  0.12/turn              (no ring)
MPRegen  0.09/turn              (no ring)

@: slowed
A: large, hooves 3, deformed body, speed 2, tough skin 3
a: no special abilities


You were on level 2 of the Dungeon.
You were hungry.

You visited 1 branch of the dungeon, and saw 2 of its levels.

You collected 67 gold pieces.

Inventory:

Hand Weapons
 a - a +0 long sword (weapon)
Missiles
 d - 3 throwing nets (quivered)
Armour
 b - a +0 leather armour (worn)
 c - a +0 helmet (worn)
Jewellery
 j - a +4 ring of strength {unknown}
Wands
 p - a wand of random effects (21)
Scrolls
 g - a scroll of magic mapping {unknown}
 h - 3 scrolls of identify {unknown}
 i - a scroll of blinking {unknown}
 k - 2 scrolls of amnesia {unknown}
 m - a scroll of enchant weapon {unknown}
 n - a scroll of teleportation {unknown}
Potions
 e - a potion of degeneration {unknown}
 l - a potion of curing {unknown}
 o - a potion of brilliance {unknown}
Comestibles
 f - 6 rations


   Skills:
 + Level 2.8 Fighting
 * Level 3.7 Long Blades
 - Level 2.1 Throwing
 + Level 1.1 Armour
 + Level 2.6 Dodging


You had 3 spell levels left.
You didn't know any spells.
Your spell library was empty.

Dungeon Overview and Level Annotations

Branches:
Dungeon (2/15)

Altars:
Fedhas
Qazlal

Annotations:
D:2 Crazy Yiuf


Innate Abilities, Weirdness & Mutations

You have hooves in place of feet.
Armour fits poorly on your strangely shaped body.
You cover ground very quickly.
You have extremely tough skin. (AC +3)


Message History

Yer kick misses Crazy Yiuf.
Crazy Yiuf be moderately wounded.
Crazy Yiuf hits ye wit' a +2 quarterstaff o' chaos!
Ye be electrocuted!
Unknown command.
Unknown command.
Ye hit Crazy Yiuf.
Crazy Yiuf be severely wounded.
Crazy Yiuf hits ye wit' a +2 quarterstaff o' chaos!
* * * LOW HITPOINT WARNIN'
* * * Crazy Yiuf burns ye.
* * * LOW HITPOINT WARNIN'
* * * Crazy Yiuf barely misses ye.
Ye riposte.
Ye closely miss Crazy Yiuf.
Yer kick misses Crazy Yiuf.
Crazy Yiuf be severely wounded.
Ye hit Crazy Yiuf.
Crazy Yiuf be almost dead.
Crazy Yiuf laughs, "Flower!
Orb dark canine."
Crazy Yiuf hits ye wit' a +2 quarterstaff o' chaos!
Ye die...

##.#
##....####...........
##.## #....#
#........... #.##
♣....♣ #.......#...
##.# ♣...♣♣
#.......#... #†#
♣♣.♣♣ #...........
#.#### ♣.♣♣
#........#.. #....#
♣♣.♣ #.####....#.
###### ♣.♣♣
#.#..####... ♣♣@♣
#.#.#.#.#### #g#
#.#...#..#.# ...
#.#.#...#... #...#
#.....#...#. #..)#
#.#.#...#... #####
#.#...#..#.#
#.#.#.#.####
#.#(.#### #. #.####
#.


You could see Crazy Yiuf.

Vanquished Creatures
  Terence (D:2)
  3 adders (D:2)
  An ooze (D:1)
  A leopard gecko (D:2)
  5 bats
  A giant cockroach (D:2)
  6 goblins
  5 hobgoblins
  7 jackals
  7 kobolds
  A quokka (D:2)
  6 frilled lizards
  3 rats
47 creatures vanquished.

Notes
Turn   | Place    | Note
-------+----------+-------------------------------------------
     0 | D:1      | BoppinsLewinski the Centaur Gladiator began the quest for
                  | the Orb.
     0 | D:1      | Reached XP level 1. HP: 17/17 MP: 1/1
   325 | D:1      | Reached XP level 2. HP: 21/24 MP: 2/2
   411 | D:1      | Reached skill level 3 in Long Blades
   837 | D:2      | Reached XP level 3. HP: 30/30 MP: 3/3
  1019 | D:2      | Found a blossoming altar of Fedhas.
  1091 | D:2      | Noticed Terence
  1103 | D:2      | Killed Terence
  1103 | D:2      | Reached skill level 1 in Armour
  1103 | D:2      | Reached XP level 4. HP: 31/37 MP: 4/4
  1196 | D:2      | Found a stormy altar of Qazlal.
  1245 | D:2      | Found a faded altar of an unknown god.
  1286 | D:2      | Found a runed translucent door.
  1287 | D:2      | Noticed Crazy Yiuf
  1411 | D:2      | Slain by Crazy Yiuf

Levels and vault maps discovered:
D:1:      minmay_arrival_stair_chambers, layout_basic, serial_rivers,
          chequers_serial_rivers_micro_d, chequers_serial_rivers_room_b,
          chequers_serial_rivers_micro_d, chequers_serial_rivers_micro_d,
          chequers_serial_rivers_room_a, chequers_serial_rivers_micro_a
D:2:      minmay_spotlight, layout_rooms, marbit_many_paths,
          chequers_ecumenical_altar_twisty, minmay_misc_feat_square,
          kennysheep_flooded_box, minmay_misc_feat_more_columns,
          kennysheep_doodads, uniq_terence, uniq_crazy_yiuf_cottage

Skill      XL: |  1  2  3 |
---------------+----------+-----
Long Blades    | 3 |  3.7
Armour         | 1 |  1.1
Fighting       | |  2.8
Throwing       | |  2.1
Dodging        | |  2.6

Action                   |  1- 3 |  4- 6 || total
-------------------------+-------+-------++-------
Melee: Long sword        |    83 |    24 ||   107
       Kick              |    20 |     2 ||    22
Armor: Leather armour    |    28 |     5 ||    33
Dodge: Dodged            |    54 |    13 ||    67
       Rpst.: Long sword |    19 |     4 ||    23

Table legend:
 A = Non-vault XP
 B = Vault XP
 C = Vault XP percentage of total XP
 D = Non-vault monster count
 E = Vault monster count
 F = Vault count percentage of total count
                 A         B        C        D         E       F
            +---------+---------+-------+---------+---------+-------
      Total |     106 |      45 |  29.8 |      40 |       7 |  14.9
            +---------+---------+-------+---------+---------+-------
        D:1 |      37 |       0 |   0.0 |      20 |       0 |   0.0
        D:2 |      69 |      45 |  39.5 |      20 |       7 |  25.9
            +---------+---------+-------+---------+---------+-------
